 Dungeon Crawl Stone Soup version 0.27-a0-1281-ge233d83751 (webtiles) character file.

Game seed: 9636667544292720899

88 bilbop the Bolt Thrower (level 4, 0/28 HPs)
             Began as a Kobold Hunter on June 13, 2021.
             Slain by Terence (5 damage)
             ... on level 3 of the Dungeon.
             The game lasted 00:08:47 (2096 turns).

bilbop the Bolt Thrower (Kobold Hunter)             Turns: 2096, Time: 00:08:48

Health: 0/28       AC:  6    Str: 10    XL:     4   Next: 81%
Magic:  4/4        EV: 13    Int: 12    God:
Gold:   54         SH:  0    Dex: 15    Spells: 3/3 levels left

rFire    . . .     SeeInvis .   b - +0 dagger
rCold    . . .     Faith    .   (shield restricted)
rNeg     . . .     Spirit   .   l - +0 ring mail
rPois    .         Reflect  .   (no helmet)
rElec    .         Harm     .   k - +0 cloak
rCorr    .         Rampage  .   (no gloves)
Will     .....                  (no boots)
Stlth    +++.......             (no amulet)
HPRegen  0.09/turn              (no ring)
MPRegen  0.09/turn              (no ring)

@: no status effects
A: small, no large weapons, nightstalker 3
a: no special abilities


You were on level 3 of the Dungeon.
You visited 1 branch of the dungeon, and saw 3 of its levels.

You collected 54 gold pieces.

Inventory:

Hand Weapons
 a - a +1 hand crossbow
 b - a +0 dagger (weapon)
 n - a +0 short sword
Armour
 c - a +0 leather armour
 k - a +0 cloak (worn)
 l - a +0 ring mail (worn)
Scrolls
 f - 2 scrolls of enchant armour {unknown}
 i - a scroll of vulnerability {unknown}
 m - a scroll of identify {unknown}
Potions
 e - a potion of degeneration {unknown}
 g - a potion of lignification {unknown}
 h - a potion of might {unknown}
 j - a potion of mutation {unknown}


   Skills:
 * Level 3.4 Fighting
 + Level 1.9 Short Blades
 + Level 5.2 Crossbows
 + Level 3.0 Dodging
 + Level 2.7 Stealth


You had 3 spell levels left.
You didn't know any spells.
Your spell library contained the following spells:

 Spells                   Type           Power      Damage    Failure   Level
 Magic Dart               Conj           0%         1d3       65%         1
 Blink                    Tloc           N/A        N/A       78%         2
 Call Imp                 Summ           0%         N/A       78%         2
 Slow                     Hex            0%         N/A       78%         2
 Conjure Flame            Conj/Fire      0%         6-21      95%         3
 Mephitic Cloud           Conj/Pois/Air  0%         N/A       95%         3


Dungeon Overview and Level Annotations

Branches:
Dungeon (3/15)

Altars:

Annotations:
D:3 Terence


Innate Abilities, Weirdness & Mutations

You are small and have problems with some larger weapons.
You are completely attuned to the shadows.


Message History

Terence is lightly wounded.
Terence misses you.
Fire: 3 bolts
Press: ? - help, Q - select action Shift-Dir - straight line, f/p - Terence
Aim: Terence, wielding a +0 mace of protection and wearing a +0 chain mail (lightly wounded, 72% to hit)
You shoot a bolt. The bolt barely misses Terence.
Terence closely misses you.
Fire: 2 bolts
Press: ? - help, Q - select action Shift-Dir - straight line, f/p - Terence
Aim: Terence, wielding a +0 mace of protection and wearing a +0 chain mail (lightly wounded, 72% to hit)
You shoot a bolt.
The bolt hits Terence but does no damage.
Terence is lightly wounded.
Terence hits you but does no damage.
Terence asks, "Do you want it fast or slow?"
Terence hits you with a +0 mace of protection.
Fire: bolt
Press: ? - help, Q - select action Shift-Dir - straight line, f/p - Terence
Aim: Terence, wielding a +0 mace of protection and wearing a +0 chain mail (lightly wounded, 72% to hit)
You shoot a bolt.
The bolt hits Terence but does no damage.
Terence is lightly wounded.
Terence hits you with a +0 mace of protection.
b - a +0 dagger (weapon)
You hit Terence but do no damage.
Terence is lightly wounded.
Terence closely misses you.
You hit Terence but do no damage.
Terence is lightly wounded.
Terence hits you with a +0 mace of protection.
* * * LOW HITPOINT WARNING * * *
You hit Terence but do no damage.
Terence is lightly wounded.
Terence looks scornfully at you. Terence misses you.
You hit Terence.
Terence is moderately wounded.
Terence shouts, "ATTACK!!!"
Terence hits you with a +0 mace of protection.
You die...

#.....#.##.#
#........#.#
###.#.####.#
#.#......#
##.#..#####
........#
###..#####
#..†...#. .#
#.####@#.###(#
#. #@#...). #.
#.##@.#
#(....#
####.## #.#
#.# #..


You could see Terence.

Vanquished Creatures
  An adder (D:2)
  2 dart slugs (D:1)
  3 orcs (D:3)
  5 ball pythons
  5 endoplasms
  5 giant cockroaches
  2 goblins
  6 hobgoblins
  10 jackals
  7 kobolds
  A quokka (D:2)
  8 bats
  5 frilled lizards
  6 rats
66 creatures vanquished.

Notes
Turn   | Place    | Note
-------+----------+-------------------------------------------
     0 | D:1      | bilbop the Kobold Hunter began the quest for the Orb.
     0 | D:1      | Reached XP level 1. HP: 12/12 MP: 1/1
    41 | D:1      | Reached XP level 2. HP: 18/18 MP: 2/2
   207 | D:1      | Reached skill level 1 in Short Blades
   221 | D:1      | Reached skill level 5 in Crossbows
   376 | D:1      | Reached XP level 3. HP: 19/22 MP: 3/3
  1126 | D:2      | Reached XP level 4. HP: 28/28 MP: 4/4
  1694 | D:2      | Found a faded altar of an unknown god.
  2055 | D:3      | Noticed Terence
  2096 | D:3      | Slain by Terence

Illustrated notes

Levels and vault maps discovered:
D:1:      onia_arrival_pyramid, layout_basic, minmay_strange_pillars
D:2:      layout_loops_ring, shapermc_ecumenical_altar_hornbeckon
D:3:      layout_basic, gammafunk_temple_overflow_statue, uniq_terence

Skill      XL: |  1  2  3  4 |
---------------+-------------+-----
Short Blades   | 1 |  1.9
Crossbows      | 5 |  5.2
Stealth        | 2 |  2.7
Fighting       | 3 |  3.4
Dodging        | 3 |  3.0

Action                   |  1- 3 |  4- 6 || total
-------------------------+-------+-------++-------
Melee: Short sword       |    34 |    23 ||    57
       Dagger            |       |    42 ||    42
 Fire: Hand crossbow     |    49 |    43 ||    92
Armor: Leather armour    |     9 |     2 ||    11
       Ring mail         |       |    22 ||    22
Dodge: Dodged            |    30 |    56 ||    86

Table legend: (Time is in decaauts)
 A = Elapsed time spent in this place.
 B = Non-inter-level travel time spent in this place.
 C = Inter-level travel time spent in this place.
 D = Time resting spent in this place.
 E = Time spent auto-exploring this place.
 F = Levels seen in this place.
 G = Mean time per level.
                   A        B        C        D        E       F      G
               +--------+--------+--------+--------+--------+-----+--------+
         Total |   2108 |   2050 |     58 |      0 |   1641 |   3 |  702.7 |
       Dungeon |   2108 |   2050 |     58 |      0 |   1641 |   3 |  702.7 |
               +--------+--------+--------+--------+--------+-----+--------+

Top non-repeatable levels by time:
     D:1: 1023 daAuts
     D:2: 964 daAuts
     D:3: 120 daAuts
